 Dungeon Crawl Stone Soup version 0.28.0-45-g0d030f2227 (webtiles) character file.

Game seed: 13707856208956470729

18 psko the Conjurer (level 2, 0/13 HPs)
             Began as a Spriggan Conjurer on Apr 9, 2022.
             Was a High Priest of Ignis.
             Slain by an endoplasm (3 damage)
             ... on level 2 of the Dungeon.
             The game lasted 00:05:36 (1148 turns).

psko the Conjurer (Spriggan Conjurer)               Turns: 1148, Time: 00:05:37

Health: 0/13       AC:  3    Str:  3    XL:     2   Next: 48%
Magic:  6/6        EV: 17    Int: 19    God:    Ignis [*****.]
Gold:   79         SH:  0    Dex: 13    Spells: 5/6 levels left

rFire   + . .      SeeInvis +   b - +0 short sword
rCold   . . .      Faith    .   (no shield)
rNeg    . . .      Spirit   .   a - +0 robe
rPois   .          Reflect  .   (helmet restricted)
rElec   .          Harm     .   d - +0 cloak
rCorr   .          Rampage  .   (gloves unavailable)
Will    .....                   (boots unavailable)
Stlth   ++........              (no amulet)
HPRegen 0.04/turn               (no ring)
MPRegen 0.10/turn               (no ring)

@: very quick
A: very small, no large weapons, unfitting armour, see invisible, speed 3
a: Renounce Religion, Fiery Armour, Foxfire Swarm, Rising Flame


You were on level 2 of the Dungeon.
You worshipped Ignis.
Ignis was extremely pleased with you.
You visited 1 branch of the dungeon, and saw 2 of its levels.

You collected 79 gold pieces.

Inventory:

Hand Weapons
 b - a +0 short sword (weapon)
Armour
 a - a +0 robe (worn)
 d - a +0 cloak (worn)
Scrolls
 c - a scroll of teleportation {unknown}


   Skills:
 + Level 2.9 Dodging
 + Level 3.3 Stealth
 + Level 2.8 Spellcasting
 + Level 3.3 Conjurations


You had 5 spell levels left.
You knew the following spells:

 Your Spells              Type           Power      Damage    Failure   Level
a - Magic Dart            Conj           60%        1d6       4%          1

Your spell library contained the following spells:

 Spells                   Type           Power      Damage    Failure   Level
 Searing Ray              Conj           30%        2d5       6%          2
 Dazzling Flash           Conj/Hex       18%        N/A       24%         3
 Tukima's Dance           Hex            2%         N/A       43%         3
 Fulminant Prism          Conj/Hex       4%         3d6       61%         4
 Iskenderun's Mystic Bla  Conj/Tloc      9%         2d4       61%         4
 Passage of Golubria      Tloc           2%         N/A       83%         4
 Yara's Violent Unravell  Hex/Tmut       1%         3d3       99%         5


Dungeon Overview and Level Annotations

Branches:
Dungeon (2/15)

Altars:
Ignis


Innate Abilities, Weirdness & Mutations

You are very small and have problems with some larger weapons.
You are too small for most types of armour.
You have supernaturally acute eyesight. (SInv)
You cover ground extremely quickly. (Speed+++)


Message History

The frilled lizard completely misses you.
You barely miss the frilled lizard.
The frilled lizard is moderately wounded.
The frilled lizard bites you but does no damage.
You closely miss the frilled lizard.
The frilled lizard is moderately wounded.
The frilled lizard misses you.
You closely miss the frilled lizard.
The frilled lizard is moderately wounded.
The frilled lizard misses you.
You miss the frilled lizard.
The frilled lizard is moderately wounded.
The frilled lizard completely misses you.
You barely miss the frilled lizard.
The frilled lizard is moderately wounded.
The frilled lizard closely misses you.
You closely miss the frilled lizard.
The frilled lizard is moderately wounded.
The frilled lizard misses you.
The endoplasm jiggles.
You hit the frilled lizard.
You kill the frilled lizard!
You hit the endoplasm.
The endoplasm is moderately wounded.
The endoplasm freezes you.
You are frozen.
You hit the endoplasm but do no damage.
The endoplasm is moderately wounded.
The endoplasm freezes you.
You are frozen.
The endoplasm misses you.
You hit the endoplasm but do no damage.
You punch the endoplasm, but do no damage.
The endoplasm is moderately wounded.
The endoplasm freezes you.
You are frozen.
* * * LOW HITPOINT WARNING * * *
You hit the endoplasm but do no damage.
The endoplasm is moderately wounded.
The endoplasm hits you.
You die...

### ..# ## #.# ..
######.#####.#
#####.#.....<.......
.......@...........#
###.#.#J#########...
# #.# # #.. ... ....
..... ......


You could see an endoplasm.

Vanquished Creatures
  2 bats (D:1)
  3 endoplasms (D:1)
  2 giant cockroaches (D:1)
  2 goblins (D:1)
  A hobgoblin (D:1)
  4 frilled lizards
  A kobold (D:1)
  2 rats (D:1)
17 creatures vanquished.

Notes
Turn   | Place    | Note
-------+----------+-------------------------------------------
     0 | D:1      | psko the Spriggan Conjurer began the quest for the Orb.
     0 | D:1      | Reached XP level 1. HP: 9/9 MP: 5/5
   193 | D:1      | Reached XP level 2. HP: 13/13 MP: 1/6
   760 | D:1      | Found a faded altar of an unknown god.
   843 | D:1      | Prayed at the altar of an unknown god.
   843 | D:1      | Became a worshipper of Ignis, the Dying Flame
  1148 | D:2      | Slain by an endoplasm

Illustrated notes

Levels and vault maps discovered:
D:1:      lemuel_arrival_hallway, layout_basic, serial_curves, eino_curves_01,
          eino_curves_04, nicolae_ecumenical_lake_church, st_stairs_6
D:2:      layout_basic

Skill      XL: |  1 |
---------------+----+-----
Conjurations   | 3 |  3.3
Dodging        | |  2.9
Stealth        | |  3.3
Spellcasting   | |  2.8

Action                   || total
-------------------------++-------
Melee: Short sword       ||    23
       Punch             ||     1
 Cast: Magic Dart        ||    28
Armor: Robe              ||     6
Dodge: Dodged            ||    21
